 Dungeon Crawl Stone Soup version 0.28.0-53-g5a82cb258f (webtiles) character file.

Game seed: 17529670222649208193

380 Jerry the Skirmisher (level 6, -7/33 HPs)
             Began as a Vine Stalker Fighter on July 30, 2022.
             Splashed by a jelly's acid (10 damage)
             ... on level 4 of the Dungeon.
             The game lasted 00:06:38 (3012 turns).

Jerry the Skirmisher (Vine Stalker Fighter)         Turns: 3012, Time: 00:06:38

Health: -7/33      AC:  3    Str: 18    XL:     6   Next: 75%
Magic:  0/7        EV:  9    Int:  8    God:
Gold:   178        SH:  5    Dex: 16    Spells: 5/5 levels left

rFire   . . .      SeeInvis +   a - +0 rapier
rCold   . . .      Faith    .   c - +0 buckler
rNeg    . . .      Spirit   +   b - +0 scale mail
rPois   .          Reflect  .   n - +2 helmet {SInv}
rElec   .          Harm     .   h - scarf {shadows}
rCorr   .          Rampage  .   k - +0 pair of gloves
Will    .....                   (no boots)
Stlth   ..........              (no amulet)
HPRegen 0.91/turn               (no ring)
MPRegen 0.10/turn               (no ring)

@: corroded
A: fangs 2, regeneration 1, magic shield, antimagic bite, no potion heal 2
a: no special abilities


You were on level 4 of the Dungeon.
You visited 1 branch of the dungeon, and saw 4 of its levels.

You collected 178 gold pieces.

Inventory:

Hand Weapons
 a - a +0 rapier (weapon)
Armour
 b - a +0 scale mail (worn)
 c - a +0 buckler (worn)
 h - a scarf of shadows (worn)
 k - a +0 pair of gloves (worn)
 n - a +2 helmet of see invisible (worn)
Jewellery
 i - a ring of ice
Wands
 j - a wand of iceblast (6)
Scrolls
 f - a scroll of fear {unknown}
 g - 3 scrolls of identify {unknown}
 o - a scroll of torment {unknown}
 p - a scroll of amnesia {unknown}
 q - a scroll of teleportation {unknown}
 s - a scroll of enchant armour {unknown}
Potions
 d - a potion of might
 e - a potion of attraction {unknown}
 l - a potion of curing {unknown}
 m - a potion of brilliance {unknown}
 r - a potion of berserk rage {unknown}
 t - a potion of invisibility {unknown}


   Skills:
 + Level 4.1 Fighting
 + Level 3.4 Short Blades
 + Level 3.6 Armour
 + Level 4.0 Shields


You had 5 spell levels left.
You didn't know any spells.
Your spell library was empty.

Dungeon Overview and Level Annotations

Branches:
Dungeon (4/15)
 Temple: D:4-7

Altars:

Annotations:
D:2 1 runed translucent door, Crazy Yiuf


Innate Abilities, Weirdness & Mutations

You have extremely sharp teeth.
Your natural rate of healing is unusually fast.
When hurt, damage is shared between your health and your magic reserves.
Your bite disrupts and absorbs the magic of your enemies.
Potions cannot restore your health.


Message History

You block the centaur's attack.
The centaur kicks you but does no damage.
You hit the centaur but do no damage. Your bite misses the centaur.
The centaur is severely wounded.
The centaur barely misses you.
The centaur kicks you but does no damage.
The jelly barely misses you.
You hit the centaur but do no damage.
The centaur is severely wounded.
The centaur hits you but does no damage.
You block the centaur's attack. The jelly hits you.
You are splashed with acid!
The centaur hits you but does no damage.
The centaur kicks you but does no damage.
You are too injured to fight recklessly!
You are too injured to fight recklessly!
You hit the centaur. You bite the centaur.
You kill the centaur!
The jelly hits you but does no damage.
Your Fighting skill increases to level 4!
Your Shields skill increases to level 4!
You hit the jelly.
Your hands burn!
The jelly is moderately wounded.
The jelly hits you but does no damage. The jelly barely misses you.
You barely miss the jelly. You bite the jelly. You drain its power.
You feel invigorated.
The jelly is severely wounded.
The jelly hits you. The acid corrodes you!
You are splashed with acid!
You hit the jelly.
Your hands burn!
The jelly is severely wounded.
The jelly hits you.
You are splashed with acid!
* * * LOW HITPOINT WARNING * * *
You hit the jelly but do no damage. The acid corrodes you!
Your hands burn!
* * * LOW HITPOINT WARNING * * *
You bite the jelly, but do no damage.
The jelly is severely wounded.
The jelly closely misses you. The jelly hits you.
* * * LOW HITPOINT WARNING * * *
You are splashed with acid!
You die...

.............
............[
.............
.............
...........<
#......#
#.J@)..#
##.##### #.
#. #. ## ..


You could see a jelly.

Vanquished Creatures
  Pargi (D:3)
  A centaur (D:4)
  An orc priest (D:2)
  An orc wizard (D:3)
  Robin (D:2)
  3 adders (D:2)
  2 worms (D:2)
  A dart slug (D:1)
  3 orcs
  8 ball pythons
  4 bats
  10 endoplasms
  2 giant cockroaches (D:1)
  14 goblins
  17 hobgoblins
  3 jackals (D:1)
  4 quokkas (D:2)
  A frilled lizard (D:3)
  8 kobolds
  7 rats
92 creatures vanquished.

Vanquished Creatures (others)
  4 toadstools (D:1)
4 creatures vanquished.

Grand Total: 96 creatures vanquished

Notes
Turn   | Place    | Note
-------+----------+-------------------------------------------
     0 | D:1      | Jerry the Vine Stalker Fighter began the quest for the Orb.
     0 | D:1      | Reached XP level 1. HP: 11/11 MP: 2/2
   238 | D:1      | Reached XP level 2. HP: 16/16 MP: 3/3
   678 | D:1      | Found a faded altar of an unknown god.
   824 | D:1      | Reached XP level 3. HP: 17/20 MP: 2/4
  1747 | D:2      | Gained mutation: Your natural rate of healing is unusually
                  | fast. [Vine Stalker growth]
  1747 | D:2      | Reached XP level 4. HP: 24/24 MP: 5/5
  1775 | D:2      | Noticed Robin
  1794 | D:2      | Killed Robin
  2007 | D:2      | Reached XP level 5. HP: 28/28 MP: 6/6
  2198 | D:2      | Found a runed translucent door.
  2199 | D:2      | Noticed Crazy Yiuf
  2746 | D:3      | Noticed Pargi
  2758 | D:3      | Killed Pargi
  2759 | D:3      | Reached XP level 6. HP: 32/33 MP: 5/7
  3012 | D:4      | Splashed by a jelly's acid

Illustrated notes

Levels and vault maps discovered:
D:1:      ldierk_water_garden, layout_basic, shapermc_ecumenical_altar_pompeii,
          minmay_misc_feat_more_columns
D:2:      minmay_chambers_of_ones, layout_loops_ring, minmay_cut_off,
          uniq_robin, uniq_crazy_yiuf_cottage
D:3:      layout_rooms, uniq_pargi
D:4:      kennysheep_the_goblin_king, layout_gridville, serial_co_window_serial,
          co_window_corner_a, co_window_corner_a, co_window_corner_a,
          co_window_corner_a, co_window_cross_1, co_window_of_opportunity_c,
          co_window_of_opportunity_b, co_window_broadway_c,
          co_window_broadway_a, co_window_corner_cb, co_window_of_opportunity_c,
          co_window_cross_3, glass_columns_a, glass_columns_a, glass_columns_c,
          glass_columns_b, minmay_misc_feat_chi

Skill      XL: |  1  2  3  4  5  6 |
---------------+-------------------+-----
Short Blades   | 2 3 |  3.4
Fighting       | 3 4 |  4.1
Shields        | 3 4 |  4.0
Armour         | 3 |  3.6

Action                   |  1- 3 |  4- 6 || total
-------------------------+-------+-------++-------
Melee: Rapier            |   105 |   160 ||   265
       Bite              |    19 |    42 ||    61
Evoke: Wand              |       |     1 ||     1
Armor: Scale mail        |    46 |    87 ||   133
Dodge: Dodged            |    32 |    62 ||    94
Block: Buckler           |    21 |    42 ||    63
